 Dungeon Crawl Stone Soup version 0.17-a0-854-g4a4ba72 (webtiles) character file.

310 Lokkij the Destroyer (level 6, -1/32 HPs)
             Began as a Tengu Venom Mage on Apr 28, 2015.
             Slain by an orc wizard
             ... wielding a +0 dagger
              (2 damage)
             ... on level 3 of the Dungeon.
             The game lasted 00:07:35 (2349 turns).

Lokkij the Destroyer (Tengu Venom Mage)             Turns: 2349, Time: 00:07:35

Health: -1/32      AC:  4    Str: 16    XL:     6   Next: 41%
Magic:  1/16       EV: 12    Int: 18    God:
Gold:   208        SH:  0    Dex: 14    Spells: 2 memorised, 13 levels left

rFire  . . .     SeeInvis .     p - +0 spear (venom)
rCold  + . .     Clarity  .     g - +1 robe {rC+}
rNeg   . . .     SustAb   .     (no shield)
rPois  .         Gourm    .     (helmet restricted)
rElec  .         Spirit   .     (no cloak)
rCorr  .         Warding  .     h - +0 pair of gloves
rMut   .         Stasis   .     (boots unavailable)
MR     .....                    (no amulet)
Stlth  ++........               (no ring)
                                q - +6 ring of strength

@: lethally poisoned (-1 -> -4), very slightly contaminated, hasted, very quick,
not resistant to hostile enchantments, unstealthy
A: beak, talons 3, blurry vision 1, spit poison 1, strong 1, able to fly 1
a: Spit Poison, Fly


You were on level 3 of the Dungeon.
You were hungry.

You visited 1 branch of the dungeon, and saw 3 of its levels.

You collected 208 gold pieces.

Inventory:

Hand weapons
 o - a +0 trident
 p - a +0 spear of venom (weapon)
Armour
 g - a +1 robe of cold resistance (worn)
 h - a +0 pair of gloves (worn)
Jewellery
 q - a +6 ring of strength (left hand)
Scrolls
 a - a scroll of fog {unknown}
 e - 2 scrolls of random uselessness {unknown}
 f - 4 scrolls of identify {unknown}
 j - a scroll of remove curse {unknown}
 n - 2 scrolls of enchant armour {unknown}
Books
 b - a Young Poisoner's Handbook

   Spells                             Type                      Level
   a - Sting                          Conjuration/Poison           1
   b - Cure Poison                    Poison                       2
   c - Mephitic Cloud                 Conjuration/Poison/Air       3
   d - Olgreb's Toxic Radiance        Poison                       4
   e - Venom Bolt                     Conjuration/Poison           5
Comestibles
 c - a bread ration
 m - 3 meat rations


   Skills:
 - Level 2.1 Dodging
 - Level 2.0 Stealth
 + Level 6.4 Spellcasting
 * Level 11.8 Conjurations
 - Level 7.2 Poison Magic


You had 13 spell levels left.
You knew the following spells:

 Your Spells              Type           Power        Failure   Level  Hunger
a - Sting                 Conj/Pois      ####         1%          1    None
b - Mephitic Cloud        Conj/Pois/Air  ####....     2%          3    ##.....


Dungeon Overview and Level Annotations

Branches:
Dungeon (3/15)

Altars:
Yredelemnul


Innate Abilities, Weirdness & Mutations

You have a beak for a mouth.
You have claws for feet.
You can fly.
Scrolls take you a little longer to read.
You can spit weak poison.
Your muscles are strong. (Str +2)


Message History

Drink which item? (? for menu, Esc to quit)
You feel yourself speed up. The orc wizard casts a spell at you.
The magic dart hits you!
* * * LOW HITPOINT WARNING * * *
You are very lightly contaminated with residual magic.
You closely miss the orc wizard. You closely miss the orc wizard.
Your kick misses the orc wizard.
* * * LOW HITPOINT WARNING * * *
You feel sick.
The orc wizard hits you but does no damage.
Casting: Sting
Confirm with . or Enter, or press ? or * to list all spells.
Aiming: Sting
Press: ? - help, Shift-Dir - straight line, f/p - orc wizard
Aim: an orc wizard, wielding a dagger and wearing a robe The sting hits the orc wizard.
The orc wizard is poisoned.
The orc wizard is moderately wounded.
The orc wizard hits you with a dagger.
You die...

### #. ..# ...
#.# ##.#
#.###...# #.##..#
#....#
##†)..######.####
#))##.)@o........
#.##########.....
#.#####.### .
#.....<...#
#.........!#
#.......?..#
#..........#
#..........#
##........##


You could see an orc wizard.

Vanquished Creatures
  An orc wizard (D:3)
  4 gnolls
  2 adders (D:2)
  An ooze (D:2)
  A worm (D:2)
  2 giant geckos (D:2)
  7 orcs (D:3)
  4 giant cockroaches
  6 hobgoblins
  6 jackals
  10 kobolds
  A ball python (D:2)
  4 bats
  5 giant newts
  3 goblins
  6 rats
63 creatures vanquished.

Notes
Turn   | Place    | Note
--------------------------------------------------------------
     0 | D:1      | Lokkij, the Tengu Venom Mage, began the quest for the Orb.
     0 | D:1      | Reached XP level 1. HP: 10/10 MP: 4/4
   171 | D:1      | Reached skill level 1 in Conjurations
   345 | D:1      | Reached XP level 2. HP: 10/15 MP: 1/6
  1272 | D:2      | Reached XP level 3. HP: 19/19 MP: 4/7
  1330 | D:2      | Found a basalt altar of Yredelemnul.
  1574 | D:2      | Learned a level 3 spell: Mephitic Cloud
  1724 | D:2      | Reached XP level 4. HP: 24/24 MP: 4/9
  2287 | D:3      | Gained mutation: You can fly. [Tengu growth]
  2287 | D:3      | Reached XP level 5. HP: 17/28 MP: 8/10
  2340 | D:3      | Gained mutation: You can spit weak poison. [potion of mutation]
  2340 | D:3      | Gained mutation: Your muscles are strong. (Str +2) [potion of mutation]
  2340 | D:3      | Gained mutation: Scrolls take you a little longer to read. [potion of mutation]
  2341 | D:3      | Reached skill level 6 in Spellcasting
  2341 | D:3      | Reached skill level 11 in Conjurations
  2341 | D:3      | Reached XP level 6. HP: 10/32 MP: 4/16
  2348 | D:3      | HP: 1/32 [poisoned by a kobold]
  2349 | D:3      | Slain by an orc wizard

Action                   |  1- 3 |  4- 6 || total
-------------------------+-------+-------++-------
Melee: Unarmed           |     6 |       ||     6
       Trident           |    17 |    44 ||    61
       Spear             |       |    18 ||    18
 Cast: Sting             |    52 |    36 ||    88
       Mephitic Cloud    |       |     2 ||     2
  Use: Potion            |       |     5 ||     5
 Stab: Sleeping          |     2 |     2 ||     4
  Eat: Chunk             |     3 |     2 ||     5
